 Dungeon Crawl Stone Soup version 0.28.0-45-g0d030f2227 (webtiles) character file.

Game seed: 1229330576915566980

492 Uileat the Chopper (level 6, 0/56 HPs)
             Began as a Minotaur Fighter on Apr 12, 2022.
             Slain by an orc
             ... wielding a +2 hand axe of flaming
              (1 damage)
             ... on level 5 of the Dungeon.
             The game lasted 00:27:44 (3064 turns).

Uileat the Chopper (Minotaur Fighter)               Turns: 3064, Time: 00:27:44

Health: 0/56       AC: 14    Str: 19 (21) XL:     6   Next: 91%
Magic:  5/5        EV:  7    Int:  2 (5)  God:
Gold:   169        SH:  0    Dex:  9 (11) Spells: 5/5 levels left

rFire   + . .      SeeInvis .   a - +0 war axe
rCold   . . .      Faith    .   c - +0 buckler
rNeg    . . .      Spirit   .   i - +0 chain mail
rPois   .          Reflect  .   (helmet restricted)
rElec   .          Harm     .   (no cloak)
rCorr   .          Rampage  .   h - +2 pair of gloves {Stlth+}
Will    .....                   q - +0 pair of boots
Stlth   ..........              (no amulet)
HPRegen 0.18/turn               o - ring of protection from fire
MPRegen 0.09/turn               (no ring)

@: confused, brilliant, flying
A: horns 2, retaliatory headbutt
a: no special abilities


You were on level 5 of the Dungeon.
You visited 1 branch of the dungeon, and saw 6 of its levels.

You collected 169 gold pieces.

Inventory:

Hand Weapons
 a - a +0 war axe (weapon)
Missiles
 j - 6 poisoned darts (quivered)
Armour
 c - a +0 buckler (worn)
 e - a +1 plate armour
 h - a +2 pair of gloves of stealth (worn)
 i - a +0 chain mail (worn)
 q - a +0 pair of boots (worn)
Jewellery
 o - a ring of protection from fire (left hand)
Scrolls
 f - a scroll of amnesia
 k - a scroll of enchant armour
 l - 3 scrolls of identify
Potions
 b - 2 potions of resistance
 d - a potion of might
 g - a potion of attraction


   Skills:
 + Level 5.2 Fighting
 * Level 5.7 Axes
 + Level 1.9 Throwing
 + Level 5.2 Armour
 + Level 5.1 Shields


You had 5 spell levels left.
You didn't know any spells.
Your spell library contained the following spells:

 Spells                   Type           Power      Damage    Failure   Level
 Foxfire                  Conj/Fire      0%         2x1d4     100%        1
 Blink                    Tloc           0%         N/A       100%        2
 Conjure Flame            Conj/Fire      0%         6-21      100%        3
 Gell's Gravitas          Tloc           0%         N/A       100%        3
 Inner Flame              Hex/Fire       0%         N/A       100%        3
 Lesser Beckoning         Tloc           0%         N/A       100%        3
 Teleport Other           Tloc           0%         N/A       100%        3
 Flame Wave               Conj/Fire      0%         2d4       100%        4
 Manifold Assault         Tloc           0%         N/A       100%        5


Dungeon Overview and Level Annotations

Branches:
Dungeon (6/15)
 Temple: D:4-7

Altars:
Qazlal
Ru
Sif Muna

Annotations:
D:2 Sigmund
D:3 Grinder


Innate Abilities, Weirdness & Mutations

You have a pair of horns on your head.
You reflexively headbutt those who attack you in melee.


Message History

You fly up into the air.
* * * LOW HITPOINT WARNING * * *
You feel very sick. The orc barely misses you.
Something hits you but does no damage. You block the scorpion's attack.
You block the orc's attack.
It was a potion of curing.
You feel better. The orc barely misses you. The scorpion barely misses you.
You furiously retaliate!
You headbutt the scorpion. Something hits you but does no damage.
The orc hits you but does no damage.
It was a potion of brilliance.
You feel clever all of a sudden. The orc barely misses you.
You block the scorpion's attack. You block something's attack.
The orc hits you but does no damage.
It was a potion of degeneration.
There was something very wrong with that liquid.
You feel weakened.
You feel dopey.
You feel clumsy.
The scorpion stings you but does no damage.
The orc closely misses you.
You hear some strange, mumbled words.
You are confused.
The orc hits you with a +0 short sword.
* * * LOW HITPOINT WARNING * * *
The scorpion barely misses you.
You bump into the rock wall.
The orc hits you but does no damage.
You hear some strange, mumbled words.
A puff of flame appears from out of thin air!
The puff of flame hits you. You resist.
* * * LOW HITPOINT WARNING * * *
The scorpion stings you but does no damage.
The orc hits you but does no damage.
You miss something. You barely miss the scorpion.
You hit the orc but do no damage. You miss the orc.
The orc hits you but does no damage. Something hits you.
* * * LOW HITPOINT WARNING * * *
The scorpion stings you but does no damage.
The orc closely misses you.
The orc hits you with a +2 hand axe of flaming.
* * * LOW HITPOINT WARNING * * *
The orc burns you.
You die...

..#####..{..##.###
###≈≈≈###........# #
##≈≈≈≈≈≈≈##o......#..
##≈≈.###.≈≈##........#
#≈≈.##_##.≈≈#.......#
##≈≈.#...#.≈≈##.....##
#≈≈≈.#...#.≈≈≈#..####
#≈≈.##.##.≈≈##s.#
#≈≈≈≈#)#≈≈≈≈#@o.#
##≈≈≈8.8≈≈≈##{o##
##≈≈...≈≈##...#
###8.8###....#
#...#......#
#8)8#.###### ##....#
######


You could see a scorpion and 2 orcs.

Vanquished Creatures
  2 necrophages
  Blork the orc (D:4)
  Natasha (thrice) (D:2)
  An iguana (D:5)
  An orc wizard (D:5)
  A gnoll (D:1)
  4 adders
  An ufetubus (D:4)
  An adder skeleton (D:4)
  A worm (D:4)
  2 dart slugs
  2 orcs
  2 ball pythons
  6 endoplasms
  3 giant cockroaches
  8 goblins
  7 hobgoblins
  5 kobolds
  5 quokkas
  8 bats
  A frilled lizard (D:2)
  8 rats
73 creatures vanquished.

Vanquished Creatures (others)
  5 plants (D:3)
5 creatures vanquished.

Grand Total: 78 creatures vanquished

Notes
Turn   | Place    | Note
-------+----------+-------------------------------------------
     0 | D:1      | Uileat the Minotaur Fighter began the quest for the Orb.
     0 | D:1      | Reached XP level 1. HP: 19/19 MP: 0/0
   263 | D:1      | Reached XP level 2. HP: 27/27 MP: 1/1
   648 | D:1      | Reached XP level 3. HP: 33/33 MP: 2/2
  1202 | D:2      | Noticed Natasha
  1209 | D:2      | Killed Natasha
  1210 | D:2      | Reached XP level 4. HP: 33/40 MP: 3/3
  1320 | D:2      | Noticed Natasha
  1327 | D:2      | Killed Natasha
  1442 | D:2      | Noticed Sigmund
  1460 | D:3      | Found a stormy altar of Qazlal.
  1738 | D:2      | Noticed Natasha
  1749 | D:2      | Killed Natasha
  1750 | D:2      | Reached XP level 5. HP: 36/47 MP: 4/4
  1969 | D:3      | Noticed Grinder
  1972 | D:3      | Paralysed by Grinder for 2 turns
  2224 | D:3      | Found a faded altar of an unknown god.
  2226 | D:3      | Noticed a necrophage
  2238 | D:3      | Killed a necrophage
  2239 | D:3      | Reached skill level 1 in Throwing
  2276 | D:3      | Reached skill level 5 in Axes
  2355 | D:3      | Found a sacrificial altar of Ru.
  2406 | D:4      | Reached XP level 6. HP: 50/55 MP: 5/5
  2734 | D:4      | Reached skill level 5 in Fighting
  2735 | D:4      | Reached skill level 5 in Armour
  2810 | D:4      | Noticed Blork the orc
  2818 | D:4      | Killed Blork the orc
  2819 | D:4      | Reached skill level 5 in Shields
  2921 | D:4      | You fall into a shaft and drop 2 floors!
  2961 | D:5      | Entered Level 5 of the Dungeon
  2981 | D:5      | Found a shimmering blue altar of Sif Muna.
  3064 | D:5      | HP: 1/56 [orc/+2 hand axe of flaming (4)]
  3064 | D:5      | Slain by an orc

Illustrated notes

Levels and vault maps discovered:
D:1:      dpeg_arrival_tiny_b, layout_loops_ring
D:2:      layout_basic, minmay_cut_off, uniq_natasha, uniq_sigmund
D:3:      layout_rooms, nicolae_qazlal_scattered_showers,
          nicolae_ru_the_path_less_chosen, shapermc_ecumenical_altar_notcrosses,
          uniq_grinder
D:4:      layout_basic, uniq_blork_the_orc
D:5:      minmay_diamond_boxcup, layout_rooms, kennysheep_orc_sif_temple,
          amcnicky_altar_gilded, nicolae_ossuary_entry_monument,
          nrook_loot_triangle, uniq_menkaure
D:6:      layout_cave_pools, kiku_gazebo_pond_becter,
          hangedman_abyss_or_decor_stagger, minmay_misc_feat_columns,
          chequers_serial_rivers_large_b, uniq_edmund

Skill      XL: |  1  2  3  4  5  6 |
---------------+-------------------+-----
Axes           | 3 4 5 |  5.7
Fighting       | 4 5 |  5.2
Armour         | 4 5 |  5.2
Shields        | 4 5 |  5.1
Throwing       | 1 |  1.9

Action                   |  1- 3 |  4- 6 || total
-------------------------+-------+-------++-------
Melee: War axe           |    68 |   120 ||   188
       Headbutt          |     5 |    15 ||    20
  Use: Scroll            |       |     5 ||     5
       Potion            |       |     4 ||     4
Armor: Scale mail        |    31 |       ||    31
       Chain mail        |       |    83 ||    83
Dodge: Dodged            |    25 |    44 ||    69
Block: Buckler           |     8 |    36 ||    44
